 Dungeon Crawl Stone Soup version 0.23-a0-143-g1adec7b (webtiles) character file.

585 Amnesiac the Chiller (level 7, 0/46 HPs)
             Began as a Mummy Ice Elementalist on Sept 5, 2018.
             Was a Follower of Vehumet.
             Slain by Edmund
             ... wielding a +3 flail of protection
              (3 damage)
             ... on level 5 of the Dungeon.
             The game lasted 00:06:17 (4798 turns).

Amnesiac the Chiller (Mummy Ice Elementalist)       Turns: 4798, Time: 00:06:18

Health: 0/46       AC:  5    Str: 11    XL:     7   Next: 15%
Magic:  1/14       EV: 10    Int: 21    God:    Vehumet [*.....]
Gold:   216        SH:  0    Dex: 13    Spells: 3/15 levels left

rFire    x . .     SeeInvis .   a - +2 long sword (slice)
rCold    + + +     Gourm    .   (no shield)
rNeg     + + +     Faith    .   i - +0 ring mail "Fextuh" {rC++ rN+ Int+5}
rPois    ∞         Spirit   .   (no helmet)
rElec    .         Reflect  .   (no cloak)
rCorr    .         Harm     .   (no gloves)
MR       .....                  (no boots)
Stlth    +.........             (no amulet)
HPRegen  0.15/turn              (no ring)
MPRegen  0.14/turn              (no ring)

@: very slightly contaminated
A: no food or potions, fire vulnerability, cold resistance 1, negative energy
resistance 3, torment resistance, unbreathing
a: Renounce Religion


You were on level 5 of the Dungeon.
You worshipped Vehumet.
Vehumet was aware of your devotion.
You were not hungry.

You visited 2 branches of the dungeon, and saw 6 of its levels.

You collected 216 gold pieces.

Inventory:

Hand Weapons
 a - a +2 long sword of slicing (weapon)
 b - a +1 dagger of venom
 j - the +9 rapier of the Eel {pierce, *Corrode rC++ Int+4 SInv, unknown}
   (You found it on level 5 of the Dungeon)

   It inflicts extra damage upon your enemies.
   It affects your intelligence (+4).
   It greatly protects you from cold.
   It lets you see invisible.
   It may corrode you when you take damage.
Armour
 i - the +0 ring mail "Fextuh" (worn) {rC++ rN+ Int+5}
   (You found it on level 4 of the Dungeon)

   It affects your intelligence (+5).
   It greatly protects you from cold.
   It protects you from negative energy.
 n - a +0 robe
Wands
 c - a wand of scattershot (3)
Scrolls
 d - 4 scrolls of remove curse {!r}
 e - 2 scrolls of enchant weapon {!r}
 f - 4 scrolls of teleportation {!r}
 g - 3 scrolls of fog {!r}
 h - a scroll of blinking {!r}
 m - 2 scrolls of noise {!r}


   Skills:
 - Level 1.5 Dodging
 - Level 1.5 Stealth
 - Level 4.7 Spellcasting
 + Level 3.9 Conjurations
 - Level 4.8 Ice Magic


You had 3 spell levels left.
You knew the following spells:

 Your Spells              Type           Power        Failure   Level  Hunger
a - Freeze                Ice            ####         3%          1    N/A
c - Summon Ice Beast      Ice/Summ       ###.....     69%         4    N/A
d - Throw Icicle          Conj/Ice       ###.....     41%         4    N/A
z - Ozocubu's Armour      Chrm/Ice       ###.....     30%         3    N/A

Your spell library contained the following spells:

 Spells                   Type           Power        Failure   Level  Hunger
 Throw Frost              Conj/Ice       ###...       7%          2    N/A

Dungeon Overview and Level Annotations

Branches:
Dungeon (5/15)             Temple (1/1) D:4

Altars:
Ashenzari
Cheibriados
Dithmenos
Fedhas
Hepliaklqana
Kikubaaqudgha
Makhleb
Nemelex Xobeh
Qazlal
Ru
Trog
Uskayaw
Vehumet
Wu Jian
Xom
Yredelemnul
Zin
The Shining One

Annotations:
D:2 dig/blink for zig gold
D:5 Edmund


Innate Abilities, Weirdness & Mutations

You do not eat or drink.
Your flesh is vulnerable to fire.
You are immune to poison.
Your flesh is cold resistant. (rC+)
You are immune to negative energy. (rN+++)
You are immune to unholy pain and torment.
You can survive without breathing.


Message History

Aim: Edmund, wielding a flail of protection and wearing a shiny chain mail You freeze Edmund.
Edmund resists.
Edmund is severely wounded.
Edmund barely misses you.
You riposte.
You completely miss Edmund.
Edmund is severely wounded.
Casting: Freeze (safe; 3% risk of failure)
Confirm with . or Enter, or press ? or * to list all spells.
Aiming: Freeze (safe; 3% risk of failure)
Press: ? - help, Shift-Dir - straight line, f/p - Edmund
Aim: Edmund, wielding a flail of protection and wearing a shiny chain mail You miscast Freeze.
You are very lightly contaminated with residual magic.
Nothing appears to happen.
Edmund hits you with a flail of protection!
* * * LOW HITPOINT WARNING * * *
Casting: Freeze (safe; 3% risk of failure)
Confirm with . or Enter, or press ? or * to list all spells.
Aiming: Freeze (safe; 3% risk of failure)
Press: ? - help, Shift-Dir - straight line, f/p - Edmund
Aim: Edmund, wielding a flail of protection and wearing a shiny chain mail You freeze Edmund.
Edmund resists.
Edmund is severely wounded.
Casting: Freeze (safe; 3% risk of failure)
Confirm with . or Enter, or press ? or * to list all spells.
Aiming: Freeze (safe; 3% risk of failure)
Press: ? - help, Shift-Dir - straight line, f/p - Edmund
Aim: Edmund, wielding a flail of protection and wearing a shiny chain mail You freeze Edmund.
Edmund resists.
Edmund is almost dead.
Edmund hits you with a flail of protection!
* * * LOW HITPOINT WARNING * * *
Casting: Freeze (safe; 3% risk of failure)
Confirm with . or Enter, or press ? or * to list all spells.
You don't have enough magic to cast that spell.
Casting: Freeze (safe; 3% risk of failure)
Confirm with . or Enter, or press ? or * to list all spells.
You don't have enough magic to cast that spell.
Casting: Freeze (safe; 3% risk of failure)
Confirm with . or Enter, or press ? or * to list all spells.
You don't have enough magic to cast that spell.
There is an open door here.
Evoke which item? (* to show all) (? for menu, Esc to quit)
Aiming: Scattershot
Press: ? - help, Shift-Dir - straight line, f/p - Edmund
Aim: Edmund, wielding a flail of protection and wearing a shiny chain mail The burst of metal fragments hits Edmund. x4
Edmund is almost dead.
Edmund hits you with a flail of protection.
* * * LOW HITPOINT WARNING * * *
Evoke which item? (* to show all) (? for menu, Esc to quit)
Aiming: Scattershot
Press: ? - help, Shift-Dir - straight line, f/p - Edmund
Aim: Edmund, wielding a flail of protection and wearing a shiny chain mail The burst of metal fragments hits Edmund. x3
Edmund is almost dead.
Edmund closely misses you.
Evoke which item? (* to show all) (? for menu, Esc to quit)
Aiming: Scattershot
Press: ? - help, Shift-Dir - straight line, f/p - Edmund
Aim: Edmund, wielding a flail of protection and wearing a shiny chain mail The burst of metal fragments hits Edmund. x4
Edmund is almost dead.
Edmund hits you with a flail of protection.
You die...

..>...............#........#
..................#........#
..................#........#
................[.#...##...#
..................#...##...#
..................#........####
......(...........#...........#
...#+#####+####@###........##.#
...#........#...@..####++####.#
...#........#......#........#.#
...+........'......#........#.#
...#.......#########...###..#.#
...#.......##....#.'..#.)#(.'.#
...+..........†..#.'..#..#..'.#
...#.............'.#..###)..###
...#....<......†.#.#........#
...##########....#.#........#


You could see Edmund.

Vanquished Creatures
  A centaur (D:5)
  A bullfrog (D:3)
  A scorpion (D:5)
  A jelly (D:5)
  An orc priest (D:3)
  3 orc wizards
  An iguana (D:4)
  A worker ant (D:4)
  A hound zombie (D:5)
  A hound skeleton (D:4)
  4 gnolls (D:3)
  6 adders
  An ooze (D:2)
  A worm (D:4)
  2 dart slugs
  2 leopard geckos
  3 orcs
  4 giant cockroaches
  5 goblins
  6 hobgoblins
  9 jackals
  12 kobolds
  3 quokkas
  2 ball pythons
  7 bats
  8 frilled lizards
  7 rats
94 creatures vanquished.

Notes
Turn   | Place    | Note
-------+----------+-------------------------------------------
     0 | D:1      | Amnesiac the Mummy Ice Elementalist began the quest for the
                  | Orb.
     0 | D:1      | Reached XP level 1. HP: 13/13 MP: 4/4
    63 | D:2      | Reached XP level 2. HP: 16/19 MP: 0/5
   139 | D:3      | Noticed a bullfrog
   146 | D:3      | Killed a bullfrog
   146 | D:3      | Reached XP level 3. HP: 8/24 MP: 0/9
   146 | D:3      | Reached XP level 4. HP: 10/30 MP: 0/10
   294 | D:2      | Found a stormy altar of Qazlal.
   437 | D:4      | Found a glowing golden altar of the Shining One.
   482 | D:4      | Learned a level 3 spell: Ozocubu's Armour
   487 | D:4      | Learned a level 4 spell: Throw Icicle
   492 | D:4      | Learned a level 4 spell: Summon Ice Beast
   676 | D:4      | Found a sacrificial altar of Ru.
   685 | D:4      | Reached XP level 5. HP: 31/35 MP: 4/12
   808 | D:4      | Found a hazy altar of Hepliaklqana.
   883 | D:4      | Found a sparkling altar of Nemelex Xobeh.
   884 | D:4      | Found a hide-covered altar of Uskayaw.
   916 | D:4      | Found a bloodstained altar of Trog.
   972 | D:4      | Got a dazzling ring mail
   983 | D:4      | Identified the cursed +0 ring mail "Fextuh" {rC++ rN+
                  | Int+5} (You found it on level 4 of the Dungeon)
  1137 | D:4      | Found a staircase to the Ecumenical Temple.
  1148 | Temple   | Entered the Ecumenical Temple
  1189 | Temple   | Became a worshipper of Vehumet
  1465 | D:2      | Found a glowing silver altar of Zin.
  3084 | D:2      | Reached * piety under Vehumet
  3084 | D:2      | Offered knowledge of Flame Tongue by Vehumet.
  3112 | D:2      | Learned a level 1 spell: Flame Tongue
  3554 | D:3      | Found a blossoming altar of Fedhas.
  3564 | D:3      | Reached skill level 1 in Conjurations
  3564 | D:3      | Reached XP level 6. HP: 23/41 MP: 9/13
  4598 | D:5      | Entered Level 5 of the Dungeon
  4661 | D:5      | Got a jewelled rapier
  4695 | D:5      | Reached XP level 7. HP: 43/46 MP: 4/14
  4744 | D:5      | Noticed Edmund
  4795 | D:5      | HP: 2/46 [Edmund/flail of protection (4)]
  4798 | D:5      | Slain by Edmund

Vault maps used:
D:1:      minmay_arrival_floating_metal
D:2:      lemuel_upstairs_altar, zin_treasury
D:3:      fedhas_altar_2, first_ration
D:4:      bloody_trog, lemuel_round_altar, lemuel_crystal_altar,
          nicolae_ru_great_annihilating_truth, gammafunk_temple_overflow_statue,
          minmay_temple_entry_glassed_door, hangedman_abyss_or_decor_passed,
          serial_bayou_pond_b
D:5:      serial_shops, nicolae_shop_stone, kennysheep_generic_room_7,
          uniq_edmund
Temple:   jpeg_temple_alley_garden

Skill      XL: |  1  2  3  4  5  6 |
---------------+-------------------+-----
Ice Magic      | 3 4 |  4.8
Spellcasting   | 4 |  4.7
Conjurations   | 1 3 |  3.9
Dodging        | |  1.5
Stealth        | |  1.5

Action                   |  1- 3 |  4- 6 |  7- 9 || total
-------------------------+-------+-------+-------++-------
Melee: Short sword       |     1 |     3 |       ||     4
       Trident           |       |    33 |       ||    33
       Long sword        |       |    10 |       ||    10
       Dagger            |       |     1 |       ||     1
 Cast: Freeze            |    13 |   130 |    20 ||   163
       Ozocubu's Armour  |       |     1 |       ||     1
       Throw Icicle      |       |     1 |       ||     1
Evoke: Wand              |       |       |     3 ||     3
  Use: Scroll            |       |     7 |       ||     7
 Stab: Sleeping          |       |     2 |       ||     2
Armor: Robe              |     2 |     4 |       ||     6
       Ring mail         |       |    41 |     4 ||    45
Dodge: Dodged            |     5 |    78 |     8 ||    91
       Rpst.: Long sword |       |     9 |     3 ||    12

Table legend:
 A = Non-vault XP
 B = Vault XP
 C = Vault XP percentage of total XP
 D = Non-vault monster count
 E = Vault monster count
 F = Vault count percentage of total count
                 A         B        C        D         E       F
            +---------+---------+-------+---------+---------+-------
      Total |     665 |     172 |  20.5 |      88 |       6 |   6.4
            +---------+---------+-------+---------+---------+-------
        D:1 |      27 |       0 |   0.0 |      15 |       0 |   0.0
        D:2 |      67 |       0 |   0.0 |      24 |       0 |   0.0
        D:3 |     302 |       0 |   0.0 |      24 |       0 |   0.0
        D:4 |     149 |      44 |  22.8 |      17 |       4 |  19.0
        D:5 |     120 |     128 |  51.6 |       8 |       2 |  20.0
            +---------+---------+-------+---------+---------+-------
